Map: Echo of the past

Players

Tesla - Winner!

  • Race: Protoss Protoss

iDK

  • Race: Protoss Protoss

VOD

Have the link to the VOD?

Description

Gosu_pvp is awesome :D

Time

  • Played on: July 27, 2016, 5:40 p.m.
  • Length: 10:43
Show
View Real Time Build Order
Export as new Build Order

Tesla Protoss - Winner!

Build Orders:  

Get SALT Encoding   

  12  0:01  Probe (Chrono Boost)  
  13  0:12  Probe (Chrono Boost)  
  14  0:20  Pylon  
  14  0:22  Probe (Chrono Boost)  
  15  0:39  Probe (Chrono Boost)  
  15  0:40  Gateway  
  16  0:49  Probe (Chrono Boost)  
  17  0:50  Assimilator  
  17  1:00  Probe (Chrono Boost)  
  18  1:06  Pylon  
  18  1:10  Probe (Chrono Boost)  
  19  1:21  Probe (Chrono Boost)  
  20  1:29  Cybernetics Core  
  20  1:31  Probe (Chrono Boost)  
  21  1:42  Probe (Chrono Boost)  
  22  1:51  Warp Gate  
  22  1:52  Probe (Chrono Boost)  
  23  2:01  Nexus  
  23  2:04  Probe (Chrono Boost)  
  24  2:10  Assimilator  
  26  2:18  Mothership Core (Chrono Boost)  
  26  2:31  Stalker  
  29  2:37  Probe (Chrono Boost)  
  29  2:50  Probe (Chrono Boost)  
  30  2:54  Gateway  
  30  2:57  Robotics Facility  
  30  3:01  Gateway  
  30  3:06  Pylon  
  30  3:10  Probe (Chrono Boost)  
  31  3:14  Probe (Chrono Boost)  
  32  3:22  Probe (Chrono Boost)  
  32  3:25  Probe (Chrono Boost)  
  35  3:34  Probe (Chrono Boost), Pylon  
  35  3:35  Probe (Chrono Boost)  
  36  3:43  Assimilator  
  36  3:46  Probe x2 (Chrono Boost), Assimilator  
  38  3:49  Observer  
  39  3:56  Probe (Chrono Boost)  
  39  3:57  Stalker  
  39  3:59  Sentry, Probe (Chrono Boost)  
  45  4:07  Probe (Chrono Boost)  
  47  4:10  Observer  
  47  4:11  Probe (Chrono Boost), Pylon  
  48  4:17  Probe (Chrono Boost)  
  48  4:19  Stalker  
  48  4:23  Probe (Chrono Boost), Stalker  
  54  4:30  Forge  
  55  4:31  Probe (Chrono Boost)  
  55  4:32  Observer  
  56  4:42  Probe (Chrono Boost)  
  56  4:45  Gateway  
  57  4:47  Gateway  
  57  4:49  Protoss Ground Weapons Level 1  
  57  4:52  Probe (Chrono Boost)  
  59  4:53  Probe (Chrono Boost)  
  59  4:55  Sentry  
  59  4:58  Observer  
  62  5:01  Stalker  
  62  5:03  Probe (Chrono Boost)  
  62  5:05  Probe (Chrono Boost)  
  66  5:11  Twilight Council  
  66  5:14  Pylon  
  66  5:17  Probe x2 (Chrono Boost)  
  68  5:23  Observer  
  70  5:29  Probe (Chrono Boost)  
  70  5:32  Probe (Chrono Boost)  
  70  5:33  Pylon x2  
  71  5:44  Immortal  
  71  5:49  Adept  
  77  5:52  Adept, Pylon  
  77  5:53  Adept x2  
  77  5:55  Sentry  
  85  6:08  Nexus  
  85  6:15  Gateway  
  85  6:20  Gateway  
  85  6:21  Pylon  
  85  6:25  Gateway  
  85  6:28  Pylon  
  85  6:32  Probe (Chrono Boost)  
  87  6:33  Probe (Chrono Boost)  
  87  6:38  Stalker  
  89  6:43  Probe (Chrono Boost)  
  89  6:46  Probe (Chrono Boost)  
  91  6:48  Adept x2  
  91  6:49  Adept x2  
  99  7:04  Probe (Chrono Boost)  
  99  7:06  Probe (Chrono Boost)  
  99  7:07  Immortal  
  104  7:15  Stalker x3  
  106  7:16  Stalker  
  106  7:19  Protoss Ground Weapons Level 2  
  108  7:33  Stalker x4  
  104  7:40  Blink  
  92  7:48  Adept  
  92  7:49  Adept x2  
  88  8:10  Stalker x6  
  88  8:12  Probe (Chrono Boost)  
  101  8:18  Assimilator  
  102  8:20  Probe (Chrono Boost), Assimilator  
  102  8:21  Probe (Chrono Boost)  
  102  8:23  Probe (Chrono Boost)  
  102  8:26  Adept x2  
  108  8:33  Probe (Chrono Boost)  
  109  8:37  Adept x4  
  117  8:44  Immortal  
  117  8:46  Probe (Chrono Boost)  
  122  8:50  Probe (Chrono Boost)  
  123  8:56  Probe (Chrono Boost)  
  123  9:00  Probe (Chrono Boost)  
  125  9:07  Probe (Chrono Boost)  
  126  9:11  Probe (Chrono Boost)  
  127  9:19  Stalker x3  
  133  9:29  Pylon  
  133  9:31  Pylon  
  133  9:34  Pylon  
  133  9:39  Pylon  
  133  9:41  Pylon  
  133  9:45  Pylon  
  133  9:47  Probe x2 (Chrono Boost), Immortal  
  139  9:53  Pylon  
  139  9:58  Probe (Chrono Boost)  
  140  10:05  Adept x2  
  144  10:08  Probe (Chrono Boost)  
  144  10:09  Pylon  
  145  10:19  Probe (Chrono Boost)  
  145  10:20  Pylon  
  142  10:27  Stalker  
  142  10:28  Stalker x6  
  144  10:34  Pylon  
Show
View Real Time Build Order
Export as new Build Order

iDK Protoss 

Build Orders: Dark Templar Rush 

Get SALT Encoding   

  12  0:01  Probe (Chrono Boost)  
  13  0:11  Probe (Chrono Boost)  
  14  0:20  Pylon  
  14  0:22  Probe (Chrono Boost)  
  15  0:37  Pylon  
  15  0:38  Probe (Chrono Boost)  
  16  0:47  Gateway  
  16  0:51  Probe (Chrono Boost)  
  17  1:01  Probe (Chrono Boost)  
  18  1:05  Assimilator  
  18  1:13  Probe (Chrono Boost)  
  19  1:30  Probe (Chrono Boost)  
  20  1:46  Nexus  
  20  1:48  Pylon  
  20  1:50  Probe (Chrono Boost)  
  23  1:58  Cybernetics Core  
  23  2:01  Assimilator  
  21  2:02  Probe (Chrono Boost)  
  22  2:15  Gateway  
  22  2:20  Probe (Chrono Boost)  
  23  2:31  Probe (Chrono Boost)  
  23  2:32  Zealot  
  23  2:36  Twilight Council  
  26  2:43  Pylon  
  26  2:47  Probe (Chrono Boost)  
  27  2:58  Mothership Core (Chrono Boost)  
  29  3:03  Stalker  
  31  3:08  Zealot  
  33  3:19  Probe x2 (Chrono Boost)  
  35  3:29  Probe x2 (Chrono Boost)  
  35  3:31  Dark Shrine  
  35  3:33  Gateway  
  37  3:38  Zealot  
  39  3:43  Stalker  
  39  3:46  Probe (Chrono Boost)  
  39  3:48  Probe (Chrono Boost)  
  43  3:53  Assimilator  
  43  3:57  Assimilator  
  43  4:01  Probe (Chrono Boost)  
  43  4:02  Probe (Chrono Boost)  
  45  4:09  Stalker  
  47  4:16  Probe x2 (Chrono Boost)  
  49  4:23  Robotics Facility  
  49  4:25  Pylon  
  49  4:26  Probe (Chrono Boost)  
  49  4:28  Stalker  
  52  4:34  Stalker  
  54  4:39  Zealot  
  56  4:59  Robotics Facility  
  56  5:05  Probe x2 (Chrono Boost)  
  58  5:16  Dark Templar  
  58  5:18  Sentry  
  62  5:23  Stalker  
  62  5:24  Nexus  
  62  5:25  Pylon  
  62  5:28  Pylon  
  64  5:31  Assimilator  
  64  5:34  Probe x2 (Chrono Boost)  
  66  5:44  Probe (Chrono Boost)  
  66  5:49  Observer, Immortal  
  72  5:53  Zealot  
  72  5:56  Sentry  
  76  6:03  Stalker  
  78  6:07  Charge  
  78  6:10  Immortal  
  82  6:13  Forge  
  82  6:18  Probe x2 (Chrono Boost)  
  84  6:26  Dark Templar  
  86  6:35  Probe x2 (Chrono Boost), Stalker, Observer, Dark Templar  
  86  6:37  Protoss Ground Weapons Level 1  
  86  6:38  Probe (Chrono Boost)  
  94  6:46  Probe (Chrono Boost)  
  96  6:47  Probe (Chrono Boost)  
  96  6:49  Probe (Chrono Boost), Pylon  
  96  6:50  Forge  
  97  7:02  Immortal  
  97  7:07  Stalker  
  103  7:13  Immortal  
  107  7:16  Zealot  
  107  7:21  Dark Templar  
  107  7:22  Probe (Chrono Boost)  
  109  7:24  Probe (Chrono Boost)  
  60  8:02  Zealot, Dark Templar  
  67  8:05  Immortal  
  65  8:19  Gateway  
  64  8:21  Gateway  
  64  8:23  Protoss Ground Armor Level 1  
  64  8:24  Gateway  
  64  8:25  Gateway  
  64  8:31  Dark Templar  
  66  8:41  Zealot  
  66  8:45  Immortal  
  62  9:09  Zealot  
  58  9:15  Dark Templar x3  
  63  9:43  Pylon  
  63  9:44  Pylon  
  63  9:45  Pylon  
  63  9:46  Pylon  
  63  9:47  Pylon x2  
  63  9:51  Pylon  
  63  9:53  Pylon  
  63  9:57  Immortal  
  63  10:02  Nexus  
  63  10:03  Dark Templar x2  
  73  10:12  Archon  
  73  10:13  Archon x2  
Tags
 
Add a new tag
Caveats
  • Supply blocks, unpowered buildings, or Contaminate may cause inaccurate times.
  • Supply counts are checked every 10 seconds.